Map: Port Aleksander LE

Players

BratOK (Brat_OK)

  • Race: Terran Terran
  • Spawn Location: 5:00

Cham - Winner!

  • Race: Zerg Zerg
  • Spawn Location: 11:00

Event: 2019 WCS Spring

VOD

Have the link to the VOD?

Description

Time

  • Played on: May 17, 2019, 10:01 a.m.
  • Length: 15:16

All games in this series

Show
View Real Time Build Order
Export as new Build Order

BratOK Terran 

Build Orders: Gas First Reaper Expand 

Get SALT Encoding   

  12  0:00  SCV  
  13  0:12  SCV  
  14  0:17  Supply Depot  
  14  0:24  SCV  
  15  0:30  Refinery  
  15  0:39  SCV  
  16  0:45  Barracks  
  16  0:51  SCV  
  17  1:03  SCV  
  18  1:15  SCV  
  19  1:33  Reaper, Orbital Command  
  20  1:43  Command Center  
  20  1:55  Factory  
  20  1:59  SCV  
  21  2:08  Barracks Reactor  
  21  2:11  SCV  
  21  2:12  Refinery  
  22  2:18  Supply Depot  
  22  2:23  SCV  
  23  2:40  SCV  
  23  2:41  Starport  
  24  2:52  SCV  
  24  2:54  Hellion x2  
  29  3:00  Orbital Command  
  29  3:06  SCV  
  30  3:15  Hellion  
  30  3:18  SCV  
  33  3:21  Viking  
  33  3:26  SCV  
  36  3:30  SCV  
  37  3:34  Supply Depot  
  37  3:38  Hellion  
  37  3:39  Hellion  
  41  3:42  SCV  
  42  3:51  SCV, Medivac  
  42  3:54  SCV  
  46  3:58  Supply Depot  
  46  3:59  Barracks Tech Lab  
  46  4:01  Hellion  
  48  4:06  SCV x2  
  50  4:18  SCV x2, Liberator  
  50  4:22  Armory  
  52  4:33  Command Center  
  52  4:34  Hellion x2  
  52  4:38  SCV  
  60  4:47  SCV  
  60  4:50  Supply Depot  
  60  4:52  SCV  
  62  5:09  Factory  
  62  5:12  SCV x2, Hellion x2  
  62  5:13  Supply Depot  
  68  5:16  Factory  
  68  5:17  Barracks Tech Lab  
  68  5:24  SCV x2  
  68  5:28  Terran Vehicle And Ship Armor Level 1  
  70  5:30  Refinery  
  70  5:31  Refinery  
  70  5:36  SCV x2  
  70  5:39  Hellion x2  
  76  5:43  Supply Depot  
  76  5:48  SCV x2  
  78  5:53  Orbital Command  
  78  6:00  SCV  
  77  6:11  SCV  
  77  6:12  Factory  
  77  6:13  Factory  
  78  6:21  Hellion  
  78  6:22  Hellion x3  
  80  6:27  SCV x3  
  80  6:35  Barracks Tech Lab  
  80  6:36  Starport Reactor  
  80  6:37  Supply Depot  
  80  6:39  SCV x2  
  82  6:42  SCV  
  83  6:47  Cyclone x2  
  83  6:48  Infernal Pre-Igniter  
  83  6:51  SCV  
  90  6:54  SCV  
  90  6:55  SCV  
  90  7:00  Supply Depot  
  92  7:03  SCV, Hellion  
  92  7:06  SCV  
  92  7:07  SCV  
  97  7:10  Cyclone  
  97  7:11  Supply Depot  
  97  7:12  Mag-Field Accelerator  
  100  7:17  SCV  
  100  7:19  SCV, Cyclone  
  100  7:22  Cyclone  
  108  7:25  Supply Depot  
  108  7:26  SCV  
  108  7:29  SCV  
  110  7:31  SCV  
  111  7:38  SCV, Refinery x2  
  111  7:41  SCV  
  111  7:42  Cyclone  
  111  7:43  SCV  
  117  7:50  SCV  
  118  7:53  SCV  
  118  7:55  SCV, Hellion, Cyclone x2  
  118  7:57  Command Center  
  126  8:02  SCV  
  126  8:05  SCV, Supply Depot  
  128  8:08  Supply Depot  
  128  8:14  Cyclone  
  131  8:21  SCV x2  
  133  8:27  Cyclone x2, Factory  
  133  8:28  Factory  
  133  8:29  Factory  
  133  8:33  SCV x2  
  137  8:38  Terran Vehicle And Ship Armor Level 2  
  137  8:40  Hellion x2  
  137  8:41  Hellion x2  
  145  8:46  Cyclone  
  145  8:48  SCV x2  
  139  8:59  Cyclone x2  
  139  9:01  Hellion, Drilling Claws  
  147  9:12  Orbital Command  
  147  9:18  Cyclone, Factory Reactor, Factory Tech Lab x2  
  147  9:20  Hellion x3  
  156  9:27  Refinery x2  
  159  9:31  Cyclone x2  
  159  9:33  Hellion  
  159  9:38  Supply Depot  
  164  9:39  Supply Depot  
  164  9:41  Supply Depot  
  164  9:45  Hellion  
  164  9:47  Hellion  
  164  9:49  Hellion  
  164  9:57  Cyclone  
  172  10:00  Hellion, Cyclone x2, Widow Mine x2  
  172  10:03  Cyclone x2  
  172  10:06  Hellion  
  179  10:08  Hellion  
  165  10:16  SCV x2  
  165  10:20  Widow Mine  
  171  10:21  Widow Mine  
  171  10:26  Command Center  
  171  10:27  Supply Depot  
  171  10:29  Cyclone  
  171  10:30  Hellion x2, Starport Reactor  
  171  10:32  Cyclone x2  
  171  10:33  Hellion x2  
  188  10:40  Cyclone  
  188  10:42  Cyclone  
  188  10:43  Hellion  
  161  10:51  SCV x3  
  161  10:54  Terran Vehicle Weapons Level 1  
  161  11:01  Cyclone  
  158  11:04  Cyclone x2  
  157  11:12  Cyclone  
  157  11:14  Cyclone  
  157  11:16  Hellion  
  156  11:33  Cyclone  
  156  11:34  Hellion  
  156  11:36  Cyclone  
  156  11:37  Cyclone  
  159  11:44  Hellion, Cyclone  
  159  11:46  Cyclone  
  165  11:49  Hellion x3  
  171  11:54  Engineering Bay  
  171  12:03  SCV x2  
  171  12:05  Cyclone  
  171  12:08  Hellion, Cyclone  
  181  12:09  Cyclone  
  181  12:10  Hellion  
  186  12:16  Hellion, Cyclone  
  186  12:18  Cyclone  
  186  12:22  Planetary Fortress  
  194  12:39  Cyclone  
  194  12:41  Cyclone  
  194  12:43  Hellion  
  194  12:46  Hellion x4  
  194  12:48  Cyclone  
  194  12:49  Cyclone  
  194  12:50  Cyclone  
  180  12:54  Hellion  
  168  13:04  Hellion  
  156  13:07  Hellion x2  
  156  13:08  Hellion  
  156  13:12  SCV x2, Cyclone  
  153  13:13  Cyclone  
  153  13:17  Hellion x2  
  160  13:20  Cyclone  
  160  13:23  SCV  
  164  13:30  Command Center  
  164  13:33  Hellion  
  164  13:34  Hellion  
  164  13:35  Hellion  
  164  14:01  SCV x2  
  164  14:03  Widow Mine  
  164  14:06  SCV x2  
  164  14:12  Cyclone, Widow Mine x3  
  164  14:13  SCV  
  164  14:16  Viking  
  164  14:26  Widow Mine x2  
  164  14:27  Widow Mine  
  164  14:28  Cyclone x2  
  164  14:29  Cyclone x2  
  141  14:33  Hellion x2, Widow Mine  
  141  14:37  Supply Depot  
  132  14:38  Supply Depot x2  
  132  14:39  Supply Depot  
  132  14:44  Cyclone  
  127  14:47  Hellion  
  127  14:48  Hellion x2  
  129  14:54  Hellion  
Show
View Real Time Build Order
Export as new Build Order

Cham Zerg - Winner!

Build Orders: Hatch First 

Get SALT Encoding   

  12  0:01  Drone  
  13  0:08  Drone  
  14  0:17  Overlord  
  14  0:36  Drone x2  
  16  0:50  Hatchery  
  16  0:53  Drone  
  16  0:57  Drone  
  17  1:11  Spawning Pool  
  17  1:15  Drone  
  17  1:19  Extractor, Drone  
  17  1:23  Drone  
  18  1:33  Drone  
  19  1:44  Overlord  
  20  1:54  Drone  
  20  1:57  Queen  
  22  2:02  Queen  
  22  2:03  Zergling x4  
  26  2:13  Drone x2  
  28  2:26  Metabolic Boost  
  28  2:42  Queen  
  32  2:47  Overlord, Drone  
  32  2:48  Drone  
  32  3:00  Hatchery  
  32  3:01  Overlord  
  32  3:02  Drone  
  32  3:06  Drone x2  
  32  3:09  Drone  
  35  3:13  Drone  
  35  3:14  Drone  
  35  3:15  Drone  
  39  3:20  Drone x2  
  39  3:26  Drone x2  
  42  3:28  Drone  
  42  3:30  Overlord  
  43  3:36  Queen  
  45  3:43  Overlord  
  45  3:45  Zergling x4  
  45  3:48  Zergling x4  
  49  3:50  Zergling x2  
  49  3:53  Zergling x4  
  52  3:55  Drone  
  52  3:59  Queen  
  52  4:01  Drone  
  56  4:03  Drone  
  56  4:05  Drone  
  58  4:11  Queen  
  58  4:12  Drone  
  58  4:13  Drone  
  62  4:17  Drone x2  
  62  4:18  Drone  
  62  4:19  Drone  
  66  4:32  Baneling Nest  
  66  4:37  Overlord x2  
  65  4:40  Drone  
  65  4:45  Overlord  
  66  4:49  Spore Crawler  
  66  4:50  Overlord, Queen  
  66  4:51  Spore Crawler  
  66  4:55  Drone  
  66  4:57  Drone x3  
  70  5:03  Zergling x4  
  70  5:06  Drone  
  70  5:07  Drone x5  
  75  5:10  Overlord x2  
  78  5:15  Drone  
  78  5:19  Baneling  
  78  5:20  Baneling x4  
  78  5:21  Overlord, Drone x2  
  79  5:22  Drone x2  
  79  5:24  Overlord  
  83  5:30  Lair, Extractor  
  83  5:32  Spore Crawler  
  81  5:37  Overlord  
  81  5:38  Extractor  
  81  5:40  Extractor, Baneling, Drone x2  
  81  5:41  Drone x3  
  84  5:43  Overlord  
  84  5:47  Extractor  
  84  5:49  Evolution Chamber, Drone x3  
  85  5:50  Evolution Chamber  
  85  5:56  Drone  
  84  6:11  Drone  
  84  6:12  Drone  
  86  6:19  Overlord, Drone x2  
  86  6:20  Drone  
  86  6:21  Overlord  
  86  6:22  Drone x2  
  86  6:25  Drone x3  
  92  6:26  Zerg Missile Weapons Level 1  
  92  6:27  Zerg Melee Weapons Level 1  
  92  6:31  Hydralisk Den  
  90  6:36  Drone  
  91  6:44  Hatchery, Extractor  
  91  6:45  Overlord  
  89  6:48  Baneling x7  
  89  6:53  Overlord  
  89  6:56  Centrifical Hooks  
  89  6:57  Overlord  
  89  6:59  Drone  
  89  7:00  Zergling x6  
  93  7:05  Grooved Spines, Overlord x2  
  94  7:08  Drone x5  
  94  7:13  Drone  
  94  7:14  Overseer  
  94  7:15  Overlord  
  99  7:20  Drone  
  99  7:21  Overlord, Drone x2  
  99  7:22  Drone  
  103  7:30  Hydralisk x4  
  103  7:32  Overlord  
  111  7:38  Hydralisk x2  
  111  7:41  Hydralisk, Overlord  
  115  7:53  Hydralisk x2  
  115  7:54  Hydralisk x3  
  115  7:55  Zergling x4  
  124  7:59  Hydralisk x2  
  124  8:00  Zergling x2  
  124  8:04  Hydralisk, Extractor  
  130  8:06  Hydralisk x2  
  130  8:07  Extractor, Zergling x4  
  132  8:13  Hydralisk  
  132  8:14  Hydralisk  
  132  8:16  Muscular Augments  
  132  8:19  Hydralisk x2  
  140  8:20  Zergling x2  
  136  8:28  Hydralisk x3  
  136  8:29  Zergling x4  
  136  8:30  Zergling x2  
  136  8:33  Hydralisk x2  
  147  8:35  Hydralisk  
  147  8:36  Zergling x6  
  147  8:39  Drone x2  
  147  8:40  Drone x2  
  147  8:41  Drone  
  157  8:47  Drone x2  
  154  8:52  Infestation Pit  
  154  8:53  Zergling x16  
  160  8:58  Drone  
  160  9:00  Infestation Pit  
  160  9:07  Hydralisk x2, Zergling x2  
  165  9:12  Hatchery, Baneling  
  165  9:13  Baneling x10  
  164  9:17  Zerg Missile Weapons Level 2  
  164  9:20  Zerg Melee Weapons Level 2  
  164  9:23  Zergling x6  
  167  9:29  Baneling  
  167  9:30  Baneling x11  
  167  9:31  Zergling x4  
  168  9:34  Zergling x2  
  170  9:39  Hive  
  170  9:44  Zergling x4  
  172  9:47  Hydralisk  
  172  9:48  Hydralisk  
  172  9:51  Hydralisk x2  
  171  9:54  Hydralisk x4  
  171  9:55  Zergling x4  
  171  9:58  Zergling x2  
  171  9:59  Zergling x4  
  182  10:03  Zergling x2  
  182  10:04  Zergling x8  
  180  10:13  Zergling x2  
  180  10:14  Zergling x14  
  182  10:30  Zergling x14  
  182  10:33  Baneling  
  182  10:34  Baneling x7  
  181  10:49  Baneling x3  
  180  10:50  Baneling x7, Zergling x12  
  180  10:51  Zergling x18  
  180  10:52  Adrenal Glands  
  180  10:56  Viper  
  180  10:57  Viper x2  
  190  11:01  Viper  
  190  11:04  Zergling x8  
  195  11:06  Zergling x2  
  195  11:09  Zergling x2  
  196  11:15  Zergling x6  
  196  11:16  Baneling x5  
  196  11:17  Baneling  
  193  11:31  Hatchery  
  172  11:33  Overseer x2  
  172  11:34  Pneumatized Carapace  
  172  11:37  Zerg Missile Weapons Level 3, Zerg Melee Weapons Level 3  
  165  11:42  Zergling x2  
  165  11:43  Zergling x28  
  177  11:55  Zergling x8  
  177  11:56  Zergling x14  
  189  12:01  Zergling x14  
  193  12:11  Viper x3  
  193  12:14  Zergling x2  
  199  12:17  Baneling x10  
  198  12:27  Baneling  
  198  12:28  Baneling x9  
  198  12:29  Baneling x2  
  198  12:33  Baneling x3  
  171  12:54  Zergling x10  
  171  12:55  Zergling x18  
  181  13:04  Zergling x28  
  181  13:05  Zergling x4  
  180  13:10  Hydralisk x3  
  175  13:14  Hydralisk x2  
  175  13:15  Hydralisk  
  175  13:19  Zergling x6  
  184  13:22  Baneling x3  
  184  13:23  Baneling x27  
  184  13:24  Zergling x2  
  181  13:30  Baneling x6  
  181  13:32  Zergling x10  
  180  13:39  Zergling x12  
  182  13:42  Extractor  
  182  13:45  Drone  
  182  13:46  Hydralisk  
  184  13:51  Hydralisk x5  
  184  13:52  Hydralisk x2  
  198  13:56  Zergling x2  
  198  14:03  Zergling x4  
  196  14:15  Zergling x6  
  196  14:16  Zergling x20  
  198  14:18  Zergling x2  
  199  14:25  Zergling x2  
  199  14:27  Zergling x4  
  190  14:31  Zergling x2  
  190  14:32  Zergling x14  
  191  14:46  Hydralisk x3  
  191  14:47  Zergling x4  
  191  14:48  Zergling x2  
  197  15:03  Overseer  
Tags
 
Add a new tag
Caveats
  • Supply blocks, unpowered buildings, or Contaminate may cause inaccurate times.
  • Supply counts are checked every 10 seconds.